 Dungeon Crawl Stone Soup version 0.25-a0-647-gd602d06 (webtiles) character file.

Game seed: 3135740947745310590, levelgen mode: deterministic

760 Charmandara the Insei (level 7, 0/53 HPs)
             Began as a Gnoll Transmuter on Mar 22, 2020.
             Was an Initiate of Ru.
             Slain by an ogre
             ... wielding a +0 giant club
              (27 damage)
             ... on level 5 of the Dungeon.
             The game lasted 00:12:56 (4001 turns).

Charmandara the Insei (Gnoll Transmuter)            Turns: 4001, Time: 00:12:56

Health: 0/53       AC:  2    Str: 12    XL:     7   Next: 80%
Magic:  13/15      EV: 25    Int: 17    God:    Ru [......]
Gold:   326        SH:  0    Dex: 24    Spells: 2/17 levels left

rFire    + . .     SeeInvis .     - Unarmed
rCold    . . .     Gourm    .   (shield currently unavailable)
rNeg     . . .     Faith    .   (armour currently unavailable)
rPois    x         Spirit   .   (helmet currently unavailable)
rElec    .         Reflect  .   (cloak currently unavailable)
rCorr    .         Harm     .   (gloves currently unavailable)
MR       .....                  (boots currently unavailable)
Stlth    +++.......             (no amulet)
HPRegen  0.17/turn              y - +3 ring of dexterity
MPRegen  0.14/turn              l - ring of protection from fire {rF+, !d}

@: spider-form
A: tiny, distributed training, strong nose
a: End Transformation, Renounce Religion


You were on level 5 of the Dungeon.
You worshipped Ru.
Ru was noncommittal.
You were not hungry.
You were a venomous arachnid creature.
You visited 2 branches of the dungeon, and saw 7 of its levels.

You collected 326 gold pieces.

Inventory:

Hand Weapons
 w - a +0 broad axe
   (You found it on level 3 of the Dungeon)
 B - the +7 mace "Gegaelero" (melded) {protect, rElec rN+ MP+9}
   (You found it on level 5 of the Dungeon)

   It grants its wielder temporary protection when it strikes (+7 to AC).
   It insulates you from electricity.
   It protects you from negative energy.
   It affects your magic capacity (+9).
Missiles
 a - 76 arrows
 D - a throwing net {=f, !d}
Armour
 b - a +0 robe (melded)
 k - a +0 pair of boots (melded)
   (You found it on level 2 of the Dungeon)
 p - a +0 helmet (melded)
   (You found it on level 2 of the Dungeon)
 u - a +0 scale mail of cold resistance
   (You took it off Terence on level 3 of the Dungeon)
Jewellery
 l - a ring of protection from fire (right front leg) {rF+, !d}
   (You found it on level 2 of the Dungeon)
 o - an uncursed ring of ice {rC+, rF-}
   (You found it on level 2 of the Dungeon)
 y - a +3 ring of dexterity (left front leg)
   (You found it on level 4 of the Dungeon)
Wands
 v - a wand of polymorph (6)
   (You took it off Terence on level 3 of the Dungeon)
Scrolls
 c - 2 scrolls of amnesia {unknown}
 h - a scroll of fog
 m - 3 scrolls of remove curse
 n - a scroll of blinking {unknown}
 s - a scroll of enchant armour {unknown}
 t - 2 scrolls of teleportation {unknown}
 C - 2 scrolls of identify
Potions
 e - 3 potions of brilliance
 f - a potion of stabbing {unknown}
 g - a potion of ambrosia
 i - a potion of haste {unknown}
 j - a potion of lignification {unknown}
 q - a potion of flight {unknown}
 r - 2 potions of resistance
 x - a potion of curing
 A - 2 potions of degeneration {unknown}
Comestibles
 d - 10 rations
 z - 11 chunks of flesh {@w0}


   Skills:
 + Level 3.7 Fighting
 + Level 2.6 Short Blades
 + Level 2.6 Long Blades
 + Level 2.6 Axes
 + Level 2.6 Maces & Flails
 + Level 2.6 Polearms
 + Level 2.6 Staves
 + Level 2.6 Slings
 + Level 2.6 Bows
 + Level 2.6 Crossbows
 + Level 2.6 Throwing
 + Level 2.6 Armour
 + Level 5.3 Dodging
 + Level 2.6 Stealth
 + Level 2.6 Shields
 + Level 7.1 Unarmed Combat
 + Level 5.7 Spellcasting
 + Level 2.1 Conjurations
 + Level 2.1 Hexes
 + Level 2.1 Charms
 + Level 2.1 Summonings
 + Level 2.1 Necromancy
 + Level 2.1 Translocations
 + Level 4.4 Transmutations
 + Level 2.1 Fire Magic
 + Level 2.1 Ice Magic
 + Level 2.1 Air Magic
 + Level 2.1 Earth Magic
 + Level 2.1 Poison Magic
 + Level 3.0 Invocations
 + Level 2.6 Evocations


You had 2 spell levels left.
You knew the following spells:

 Your Spells              Type           Power        Failure   Level  Hunger
a - Beastly Appendage     Tmut           ###...       9%          1    None
b - Ice Form              Ice/Tmut       ###.....     56%         4    ####...
c - Spider Form           Tmut/Pois      ###.......   26%         3    ##.....
s - Sticks to Snakes      Tmut           ###.....     11%         2    #......
x - Blade Hands           Tmut           ###.......   73%         5    ######.

Your spell library contained the following spells:

 Spells                   Type           Power        Failure   Level  Hunger


Dungeon Overview and Level Annotations

Branches:
Dungeon (6/15)             Temple (1/1) D:5

Altars:
Ashenzari
Dithmenos
Elyvilon
Gozag
Kikubaaqudgha
Nemelex Xobeh
Qazlal
Ru
Trog
Vehumet
Wu Jian
Xom
Yredelemnul
Zin
The Shining One

Shops:
D:6 ?


Innate Abilities, Weirdness & Mutations

Your experience applies equally to all skills.
((You have very sharp teeth.))
Your uncanny sense of smell can sniff out nearby items.


Message History

z - 14 chunks of flesh {@w0} (gained 6)
Things that are here:
a +0 shortbow; a centaur skeleton
a - 69 arrows (gained 1)
You start resting.
Eating one of 14 chunks of flesh {@w0}.
You eat one of the 14 chunks of flesh {@w0}.
Your transformation is almost over.
You regained 2 hp, and now have 21/53 hp.
Things that are here:
a +0 shortbow; a centaur skeleton You see here a quokka skeleton.
a - 70 arrows (gained 1)
a - 71 arrows (gained 1)
a - 75 arrows (gained 4)
Your transformation has ended.
The +7 mace "Gegaelero" {protect, rElec rN+ MP+9} unmelds from your body.
Your +0 helmet unmelds from your body.
Your +0 pair of boots unmelds from your body.
Your +0 robe unmelds from your body.
The +7 mace "Gegaelero" {protect, rElec rN+ MP+9} hums with potential!
a - 76 arrows (gained 1)
You see here a quokka skeleton.
You open the door. 5 goblins and an ogre come into view.
The ogre shouts!
You hear a shout!
The goblin shouts!
The goblin closely misses you.
The goblin shouts!
You regained 2 hp, and now have 24/53 hp.
You regained 2 mp, and now have 17/24 mp.
Unknown command.
There are monsters nearby!
You hear a shout!
You turn into a venomous arachnid creature.
The +7 mace "Gegaelero" {protect, rElec rN+ MP+9} melds into your body.
Your +0 helmet melds into your body.
Your +0 pair of boots melds into your body.
Your +0 robe melds into your body.
The +7 mace "Gegaelero" {protect, rElec rN+ MP+9} goes still.
You now have 14/15 mp.
Unknown command.
You hit the goblin but do no damage.
The goblin is poisoned.
The goblin completely misses you.
You bite the goblin!
You kill the goblin!
MP restored: 15 You hit the goblin but do no damage.
The goblin is poisoned.
The goblin misses you.
A goblin comes into view. It is wielding a +0 club.
The goblin completely misses you.
You closely miss the goblin. The goblin completely misses you. x2
You barely miss the goblin. The goblin completely misses you.
The goblin closely misses you.
You barely miss the goblin. The goblin barely misses you.
You bite the goblin!
You kill the goblin!
Your Invocations skill increases to level 3!
Your transformation is almost over.
You kill the goblin!
A goblin comes into view.
You barely miss the goblin. You completely miss the goblin.
The goblin misses you.
Some of the chunks of flesh in your inventory have rotted away.
You bite the goblin!
You kill the goblin!
You hit the goblin. The goblin closely misses you.
You hit the goblin.
The goblin is poisoned.
A goblin comes into view. It is wielding a +0 club.
You bite the goblin!
You kill the goblin!
You hit the goblin.
The goblin is poisoned.
You closely miss the goblin.
Your transformation has ended.
The +7 mace "Gegaelero" {protect, rElec rN+ MP+9} unmelds from your body.
Your +0 helmet unmelds from your body.
Your +0 pair of boots unmelds from your body.
Your +0 robe unmelds from your body.
The +7 mace "Gegaelero" {protect, rElec rN+ MP+9} hums with potential!
The goblin hits you but does no damage. The goblin hits you.
You take 1 damage, and have 26/53 hp.
You kill the goblin!
You turn into a venomous arachnid creature.
The +7 mace "Gegaelero" {protect, rElec rN+ MP+9} melds into your body.
Your +0 helmet melds into your body.
Your +0 pair of boots melds into your body.
Your +0 robe melds into your body.
The +7 mace "Gegaelero" {protect, rElec rN+ MP+9} goes still.
The goblin barely misses you.
You now have 12/15 mp.
Unknown command.
Okay, then.
You hit the ogre.
The ogre is poisoned.
The ogre completely misses you. The goblin closely misses you.
You bite the ogre!
The ogre looks as sick as possible!
The goblin completely misses you.
You barely miss the ogre. The ogre closely misses you.
You hit the ogre.
The ogre looks as sick as possible!
The goblin completely misses you.
The ogre hits you with a +0 giant club!!
Ouch! That really hurt!
You die...

#.........##....##....
#.........##....##....
#######...##....#.....
#...#####.##....#.....
#...#g.g#..+....#.....
#...#.%.'.##....##....
#...#∆ #†##....######
#...#####.)+..........
#...#sOg.).#..........
#...##g...##..........
#...##÷...##..........
#.........#......>....
#.........#.....##....
#.........#.....##....
#...###...##..........
#...###...##.........#
#.....................


You could see an ogre and 2 goblins.

Vanquished Creatures
  A sky beast (D:5)
  A centaur (D:5)
  A bullfrog (D:6)
  An orc priest (D:5)
  4 orc wizards
  A gnoll shaman (Temple)
  A hound (D:6)
  Terence (D:3)
  A worker ant (D:5)
  8 gnolls
  8 adders
  2 oozes
  An adder skeleton (D:4)
  2 worms (D:2)
  A leopard gecko (D:3)
  12 orcs
  15 giant cockroaches
  14 goblins
  7 hobgoblins
  7 kobolds
  2 quokkas
  2 ball pythons (D:3)
  3 bats
  6 frilled lizards
  9 rats
111 creatures vanquished.

Vanquished Creatures (collateral kills)
  An adder (D:2)
  An orc (D:5)
  A bat (D:2)
  A giant cockroach (D:2)
  A frilled lizard (D:3)
5 creatures vanquished.

Grand Total: 116 creatures vanquished

Notes
Turn   | Place    | Note
-------+----------+-------------------------------------------
     0 | D:1      | Charmandara the Gnoll Transmuter began the quest for the
                  | Orb.
     0 | D:1      | Reached XP level 1. HP: 17/17 MP: 6/6
   162 | D:1      | Reached XP level 2. HP: 20/23 MP: 5/7
  1064 | D:2      | Reached XP level 3. HP: 25/28 MP: 7/9
  1085 | D:2      | Learned a level 2 spell: Sticks to Snakes
  1089 | D:2      | Learned a level 3 spell: Spider Form
  1152 | D:2      | Reached skill level 5 in Spellcasting
  1208 | D:2      | Reached skill level 1 in Invocations
  1447 | D:2      | Reached skill level 1 in Short Blades
  1447 | D:2      | Reached skill level 1 in Long Blades
  1447 | D:2      | Reached skill level 1 in Axes
  1447 | D:2      | Reached skill level 1 in Maces & Flails
  1447 | D:2      | Reached skill level 1 in Polearms
  1447 | D:2      | Reached skill level 1 in Staves
  1447 | D:2      | Reached skill level 1 in Slings
  1447 | D:2      | Reached skill level 1 in Bows
  1447 | D:2      | Reached skill level 1 in Crossbows
  1447 | D:2      | Reached skill level 1 in Throwing
  1447 | D:2      | Reached skill level 1 in Armour
  1447 | D:2      | Reached skill level 1 in Stealth
  1447 | D:2      | Reached skill level 1 in Shields
  1447 | D:2      | Reached skill level 1 in Evocations
  1463 | D:2      | HP: 6/28 [giant cockroach (2)]
  1473 | D:2      | Reached XP level 4. HP: 8/34 MP: 7/11
  1481 | D:2      | HP: 8/34 [giant cockroach (1)]
  1819 | D:2      | Found an opulent altar of Gozag.
  1819 | D:2      | Found a sparkling altar of Nemelex Xobeh.
  1826 | D:2      | Learned a level 4 spell: Ice Form
  2231 | D:3      | Noticed Terence
  2243 | D:3      | Killed Terence
  2243 | D:3      | Reached skill level 1 in Conjurations
  2243 | D:3      | Reached skill level 1 in Hexes
  2243 | D:3      | Reached skill level 1 in Charms
  2243 | D:3      | Reached skill level 1 in Summonings
  2243 | D:3      | Reached skill level 1 in Necromancy
  2243 | D:3      | Reached skill level 1 in Translocations
  2243 | D:3      | Reached skill level 1 in Fire Magic
  2243 | D:3      | Reached skill level 1 in Ice Magic
  2243 | D:3      | Reached skill level 1 in Air Magic
  2243 | D:3      | Reached skill level 1 in Earth Magic
  2243 | D:3      | Reached skill level 1 in Poison Magic
  2346 | D:3      | Reached XP level 5. HP: 40/40 MP: 12/12
  2521 | D:3      | Reached skill level 3 in Fighting
  2527 | D:3      | Reached skill level 4 in Transmutations
  2957 | D:3      | Reached XP level 6. HP: 46/47 MP: 9/13
  3063 | D:4      | Reached skill level 2 in Invocations
  3217 | D:4      | Found a glowing golden altar of the Shining One.
  3387 | D:4      | You fall into a shaft and drop 2 floors!
  3389 | D:6      | Found Isaappok's Magic Scroll Boutique.
  3431 | D:6      | Reached skill level 2 in Short Blades
  3431 | D:6      | Reached skill level 2 in Long Blades
  3431 | D:6      | Reached skill level 2 in Axes
  3431 | D:6      | Reached skill level 2 in Maces & Flails
  3431 | D:6      | Reached skill level 2 in Polearms
  3431 | D:6      | Reached skill level 2 in Staves
  3431 | D:6      | Reached skill level 2 in Slings
  3431 | D:6      | Reached skill level 2 in Bows
  3431 | D:6      | Reached skill level 2 in Crossbows
  3431 | D:6      | Reached skill level 2 in Throwing
  3431 | D:6      | Reached skill level 2 in Armour
  3431 | D:6      | Reached skill level 5 in Dodging
  3431 | D:6      | Reached skill level 2 in Stealth
  3431 | D:6      | Reached skill level 2 in Shields
  3431 | D:6      | Reached skill level 2 in Evocations
  3436 | D:5      | Entered Level 5 of the Dungeon
  3442 | D:5      | Got a crystal mace
  3451 | D:5      | Identified the +7 mace "Gegaelero" {protect, rElec rN+
                  | MP+9} (You found it on level 5 of the Dungeon)
  3458 | D:5      | Learned a level 5 spell: Blade Hands
  3561 | D:5      | Found a staircase to the Ecumenical Temple.
  3581 | Temple   | Entered the Ecumenical Temple
  3592 | Temple   | Reached XP level 7. HP: 34/52 MP: 15/15
  3730 | Temple   | Became a worshipper of Ru the Awakened
  3794 | D:5      | Reached skill level 7 in Unarmed Combat
  3801 | D:5      | Found a shimmering altar of Xom.
  3855 | D:5      | Reached skill level 2 in Conjurations
  3855 | D:5      | Reached skill level 2 in Hexes
  3855 | D:5      | Reached skill level 2 in Charms
  3855 | D:5      | Reached skill level 2 in Summonings
  3855 | D:5      | Reached skill level 2 in Necromancy
  3855 | D:5      | Reached skill level 2 in Translocations
  3855 | D:5      | Reached skill level 2 in Fire Magic
  3855 | D:5      | Reached skill level 2 in Ice Magic
  3855 | D:5      | Reached skill level 2 in Air Magic
  3855 | D:5      | Reached skill level 2 in Earth Magic
  3855 | D:5      | Reached skill level 2 in Poison Magic
  3984 | D:5      | Reached skill level 3 in Invocations
  4001 | D:5      | Slain by an ogre

Levels and vault maps discovered:
D:1:      lemuel_arrival_hallway, layout_basic
D:2:      minmay_roachtagon, layout_basic, grunt_temple_overflow_opulence,
          minmay_split_cup_large
D:3:      layout_loops_ring, first_ration, uniq_terence
D:4:      layout_basic, tso_altar
D:5:      layout_gridville, marbit_many_paths, minmay_temple_entry_sparse_star,
          minmay_ogre_servants, uniq_blork_the_orc
D:6:      layout_basic, lemuel_doored_altar, old_standard_altar, serial_shops,
          shop_coins
Temple:   minmay_freezing_vapour_temple

Skill      XL: |  1  2  3  4  5  6  7 |
---------------+----------------------+-----
Spellcasting   | 5 |  5.7
Invocations    | 1 2 3 |  3.0
Short Blades   | 1 2 |  2.6
Long Blades    | 1 2 |  2.6
Axes           | 1 2 |  2.6
Maces & Flails | 1 2 |  2.6
Polearms       | 1 2 |  2.6
Staves         | 1 2 |  2.6
Slings         | 1 2 |  2.6
Bows           | 1 2 |  2.6
Crossbows      | 1 2 |  2.6
Throwing       | 1 2 |  2.6
Armour         | 1 2 |  2.6
Stealth        | 1 2 |  2.6
Shields        | 1 2 |  2.6
Evocations     | 1 2 |  2.6
Conjurations   | 1 2 |  2.1
Hexes          | 1 2 |  2.1
Charms         | 1 2 |  2.1
Summonings     | 1 2 |  2.1
Necromancy     | 1 2 |  2.1
Translocations | 1 2 |  2.1
Fire Magic     | 1 2 |  2.1
Ice Magic      | 1 2 |  2.1
Air Magic      | 1 2 |  2.1
Earth Magic    | 1 2 |  2.1
Poison Magic   | 1 2 |  2.1
Fighting       | 3 |  3.7
Transmutations | 4 |  4.4
Dodging        | 5 |  5.3
Unarmed Combat | 7 |  7.1

Action                   |  1- 3 |  4- 6 |  7- 9 || total
-------------------------+-------+-------+-------++-------
Melee: Unarmed           |   104 |   131 |    60 ||   295
       Bite              |     8 |     5 |     1 ||    14
       Headbutt          |     4 |       |       ||     4
       Punch             |     1 |       |       ||     1
       Kick              |     3 |       |       ||     3
       Mace              |       |    24 |     2 ||    26
 Cast: Beastly Appendage |    18 |     1 |       ||    19
       Sticks to Snakes  |     1 |     9 |       ||    10
       Spider Form       |     1 |    15 |     8 ||    24
  Use: Scroll            |       |     6 |       ||     6
 Stab: Sleeping          |     1 |     2 |     1 ||     4
       Distracted        |       |     2 |       ||     2
  Eat: Chunk             |     2 |     8 |     2 ||    12
Armor: Robe              |    26 |    10 |     4 ||    40
       Skin              |       |     1 |     3 ||     4
Dodge: Dodged            |   118 |   118 |    75 ||   311

Table legend:
 A = Non-vault XP
 B = Vault XP
 C = Vault XP percentage of total XP
 D = Non-vault monster count
 E = Vault monster count
 F = Vault count percentage of total count
                 A         B        C        D         E       F
            +---------+---------+-------+---------+---------+-------
      Total |     973 |     113 |  10.4 |      96 |      20 |  17.2
            +---------+---------+-------+---------+---------+-------
        D:1 |      20 |       0 |   0.0 |      13 |       0 |   0.0
        D:2 |      63 |      32 |  33.7 |      17 |      12 |  41.4
        D:3 |     179 |      36 |  16.7 |      34 |       1 |   2.9
        D:4 |      57 |       0 |   0.0 |       8 |       0 |   0.0
        D:5 |     474 |      45 |   8.7 |      20 |       7 |  25.9
        D:6 |     125 |       0 |   0.0 |       2 |       0 |   0.0
     Temple |      55 |       0 |   0.0 |       2 |       0 |   0.0
            +---------+---------+-------+---------+---------+-------

Levels and vault maps discovered:
D:1:      lemuel_arrival_hallway, layout_basic
D:2:      minmay_roachtagon, layout_basic, grunt_temple_overflow_opulence,
          minmay_split_cup_large
D:3:      layout_loops_ring, first_ration, uniq_terence
D:4:      layout_basic, tso_altar
D:5:      layout_gridville, marbit_many_paths, minmay_temple_entry_sparse_star,
          minmay_ogre_servants, uniq_blork_the_orc
D:6:      layout_basic, lemuel_doored_altar, old_standard_altar, serial_shops,
          shop_coins
Temple:   minmay_freezing_vapour_temple

Table legend:
 A = Turns spent in this place as a percentage of turns spent in the entire game.
 B = Non-inter-level travel turns spent in this place as a percentage of non-inter-level travel turns spent in the entire game.
 C = Inter-level travel turns spent in this place as a percentage of turns spent in this place.
 D = Turns resting spent in this place as a percentage of non-inter-level travel turns spent in this place.
 E = Turns spent auto-exploring this place as a percentage of non-inter-level travel turns spent in this place.
 F = Non-inter-level travel turns spent in this place divided by the number of levels of this place that you've seen.
                   A       B       C       D       E      F
               +-------+-------+-------+-------+-------+----------------------
         Total | 100.0 | 100.0 |   2.5 |  12.9 |  56.3 | 557.4
       Dungeon |  96.1 |  96.0 |   2.6 |  10.9 |  58.6 | 624.5
        Temple |   3.9 |   4.0 |   0.0 |  62.6 |   0.0 | 155.0
               +-------+-------+-------+-------+-------+----------------------

Table legend:
 A = Kills in this place as a percentage of kills in entire the game.
 B = Kills by you in this place as a percentage of kills by you in the entire game.
 C = Kills by friends in this place as a percentage of kills by friends in the entire game.
 D = Other kills in this place as a percentage of other kills in the entire game.
 E = Experience gained in this place as a percentage of experience gained in the entire game.
 F = Experience gained in this place divided by the number of levels of this place that you have seen.
                   A       B       C       D       E      F
               +-------+-------+-------+-------+-------+----------------------
         Total | 100.0 | 100.0 | 100.0 |   N/A | 100.0 | 155.1
       Dungeon |  98.3 |  98.2 | 100.0 |   N/A |  94.9 | 171.8
        Temple |   1.7 |   1.8 |   0.0 |   N/A |   5.1 |  55.0
               +-------+-------+-------+-------+-------+----------------------
